 Dungeon Crawl Stone Soup version 0.31-a0-803-g95b03c3367 (webtiles) character file.

Game seed: 16791944742404248477

19360 MackTheKnife the Cleaver (level 13, 0/113 HPs)
             Began as a Meteoran Wanderer on Sept 21, 2023.
             Was a High Priest of Dithmenos.
             Slain by a nine-headed hydra (6 damage)
             ... on level 4 of the Lair of Beasts.
             The game lasted 00:17:21 (4860 turns).

MackTheKnife the Cleaver (Meteoran Wanderer)        Turns: 4860, Time: 00:17:22

Health: 0/113      AC: 21    Str: 21    XL:     13   Next: 32%
Magic:  16/16      EV:  7    Int: 13    God:    Dithmenos [*****.]
Gold:   187        SH: 10    Dex: 13    Spells: 14/15 levels left

rFire   + . .        g - +16 obsidian axe {drain, demonic, Mesm Drain Fly SInv}
rCold   . . .        s - +0 kite shield
rNeg    . . .        o - +0 plate armour
rPois   .            a - +0 helmet
rElec   .            r - +0 cloak
rCorr   .            (no gloves)
SInv    +            (no boots)
Will    +....        i - amulet of magic regeneration {@e2} Stlth
                     b - +4 ring of protection
HPRegen 0.38/turn    d - ring of protection from fire
MPRegen 0.55/turn

%: no passive effects
@: flying, mesmerised, glowing
A: sense surroundings 2, otherworldly, glowing, explore regen, see invisible
a: Renounce Religion, Shadow Step, Shadow Form


You were on level 4 of the Lair of Beasts.
You worshipped Dithmenos.
Dithmenos was extremely pleased with you.
You visited 2 branches of the dungeon, and saw 15 of its levels.

You collected 376 gold pieces.
You spent 189 gold pieces at shops.


Innate Abilities, Weirdness & Mutations

You passively map the area around you.
You are easily found by Zot.
You glow in the dark.
You regain HP and MP as you explore.
You have supernaturally acute eyesight. (SInv)


   Skills:
 - Level 10.0 Fighting
 + Level 14.5(15.5) Axes
 - Level 9.8(13.9) Maces & Flails
 - Level 10.0 Armour
 - Level 6.0 Dodging
 - Level 1.0 Stealth
 + Level 6.7 Shields
 - Level 1.6 Spellcasting
 - Level 3.4 Ice Magic
 - Level 1.2 Invocations


You had 14 spell levels left.
You knew the following spells:

 Your Spells              Type           Power      Damage    Failure   Level
a - Freeze                Ice            36%        1d5       91%         1

Your spell library contained the following spells:

 Spells                   Type           Power      Damage    Failure   Level
 Apportation              Tloc           2%         N/A       100%        1
 Necrotise                Necr           4%         1d4       100%        1
 Summon Small Mammal      Summ           4%         N/A       100%        1
 Hailstorm                Conj/Ice       5%         3d4       100%        3
 Inner Flame              Hex/Fire       1%         N/A       100%        3
 Yara's Violent Unravell  Hex/Tmut       0%         3d3       100%        5
 Enfeeble                 Hex            0%         N/A       100%        7

Inventory:

Hand Weapons
 g - the +16 obsidian axe (weapon) {drain, demonic, Mesm Drain Fly SInv}
   (You found it on level 4 of the Lair of Beasts)

   Mesm:      Its wielder is mesmerised by any visible foes, and it cannot be
   unequipped while any foes are visible.
   SInv:      It lets you see invisible.
   Fly:       It grants you flight.
   Drain:     It drains your maximum health when unequipped.
 q - a +3 demon whip of venom {mace}
   (You took it off Amaemon on level 2 of the Lair of Beasts)
Missiles
 j - a throwing net {=f!fthrowing}
 n - 4 curare-tipped darts {=fthrowing}
Armour
 a - a +0 helmet (worn)
   (You found it on level 1 of the Dungeon)
 o - a +0 plate armour (worn)
   (You found it on level 7 of the Dungeon)
 r - a +0 cloak (worn)
   (You found it on level 7 of the Dungeon)
 s - a +0 kite shield (worn)
   (You found it on level 2 of the Lair of Beasts)
Jewellery
 b - a +4 ring of protection (left hand)
   (You found it on level 6 of the Dungeon)
 c - a ring of flight
   (You found it on level 1 of the Lair of Beasts)
 d - a ring of protection from fire (right hand)
   (You found it on level 9 of the Dungeon)
 i - an amulet of magic regeneration (around neck) {@e2}
   (You found it on level 2 of the Lair of Beasts)
Wands
 e - a wand of mindburst (7)
   (You found it on level 2 of the Lair of Beasts)
 l - a wand of acid (1)
   (You found it on level 2 of the Lair of Beasts)
 v - a wand of flame (10)
   (You found it on level 4 of the Lair of Beasts)
Scrolls
 f - 2 scrolls of teleportation {@r4}
 h - a scroll of revelation
 m - a scroll of immolation {!r!r}
 p - a scroll of noise {!r}
 t - a scroll of butterflies {unknown}
Potions
 k - a potion of mutation {!q}

Dungeon Overview and Level Annotations

Branches:
Dungeon (11/15) Zot: 3338  Temple (0/1) D:6            Lair (4/5) D:8 Zot: 1042
  Slime (0/5) Lair:4
  Swamp: Lair:2-3    Shoals: Lair:2-3     Snake: Lair:2-3    Spider: Lair:2-3
    Orc: D:9-12

Altars:
Dithmenos
Elyvilon
Hepliaklqana
Makhleb
Nemelex Xobeh
Qazlal
Sif Muna
Vehumet
Zin
Jiyva

Shops:
D:8 ?   D:9 ?

Annotations:
D:7 exclusion: centaur
D:8 Erica
Lair:2 Sonja

** * #..... , ,* *#...!.
, , , , #..P ##.... ##
####:.#####..D. ..## *,
, ###.P..## ..+.⌠.#,...#
** #.....<.#
#.....#P...##*
##.......# #.##.##>.$...
#........###...D#D4....#
##........#.....@4.....#
.............####.......
...........§P# ......#
.........§.### #P#.#.#
.........+.# ## # #
#.........## ####...##.#
###.#### ###


You could see a nine-headed hydra (mesmerising, agile, corroded, ally target),
an eight-headed hydra, a friendly rust devil (summoned) and a friendly chaos
spawn (summoned).


Message History

The six-headed hydra grows two more!
You hit the eight-headed hydra. You open a gate to Pandemonium!
A demon appears!
Your sun demon hits the seven-headed hydra.
The seven-headed hydra is engulfed in flames!
The eight-headed hydra bites you but does no damage.
You block the eight-headed hydra's attack.
The eight-headed hydra barely misses you.
You block the eight-headed hydra's attack.
The eight-headed hydra bites you!
The eight-headed hydra bites you but does no damage. x2
You block the eight-headed hydra's attack.
The seven-headed hydra bites your sun demon!
The seven-headed hydra barely misses your sun demon.
The seven-headed hydra completely misses your sun demon.
The seven-headed hydra bites your sun demon!
The seven-headed hydra closely misses your sun demon.
The seven-headed hydra bites your sun demon. x2
Your sun demon dies!
Your sun demon disappears in a puff of smoke! 😮 HP[-9]
You take 9 damage, and now have 68/113 hp.
Unknown command.
You chop one of the eight-headed hydra's heads off!
The seven-headed hydra grows two more!
You slice the nine-headed hydra!!
Your rust devil hits the nine-headed hydra!
Your rust devil corrodes the nine-headed hydra!
The nine-headed hydra bites you but does no damage. x3
The nine-headed hydra bites you. The nine-headed hydra bites you!
* * * LOW HITPOINT WARNING * * *
The nine-headed hydra completely misses you.
The nine-headed hydra bites you.
* * * LOW HITPOINT WARNING * * *
The nine-headed hydra bites you but does no damage. x2 😨 HP[-18]
You take 18 damage, and now have 50/113 hp.
Unknown command.
You completely miss the nine-headed hydra.
Your chaos spawn barely misses the nine-headed hydra.
Your rust devil hits the nine-headed hydra.
The nine-headed hydra seems to be corroded for longer.
You block the nine-headed hydra's attack.
The nine-headed hydra bites you.
* * * LOW HITPOINT WARNING * * *
The nine-headed hydra closely misses you.
The nine-headed hydra bites you.
* * * LOW HITPOINT WARNING * * *
The nine-headed hydra bites you but does no damage. x2
The nine-headed hydra bites you.
* * * LOW HITPOINT WARNING * * *
You block the nine-headed hydra's attack.
The nine-headed hydra bites you.
* * * LOW HITPOINT WARNING * * *
Unknown command. 😨 HP[-19]
You take 19 damage, and now have 31/113 hp.
Okay, then.
Unknown command.
You feel much better.
The seven-headed hydra bites you but does no damage. x4
The seven-headed hydra barely misses you.
You block the seven-headed hydra's attack.
The seven-headed hydra bites you but does no damage.
Your chaos spawn hits the nine-headed hydra.
The nine-headed hydra suddenly seems more agile.
Your rust devil hits the nine-headed hydra!
The nine-headed hydra seems to be corroded for longer.
The nine-headed hydra bites you but does no damage. x2
The nine-headed hydra barely misses you.
The nine-headed hydra bites you but does no damage.
The nine-headed hydra bites you!
* * * LOW HITPOINT WARNING * * *
The nine-headed hydra bites you but does no damage.
You block the nine-headed hydra's attack.
The nine-headed hydra bites you but does no damage.
The nine-headed hydra bites you.
* * * LOW HITPOINT WARNING * * *
Unknown command.
Unknown command.
You cannot move away from the nine-headed hydra!
Unknown command.
Unknown command.
You barely miss the nine-headed hydra.
You slice one of the seven-headed hydra's heads off!
The six-headed hydra grows two more!
You slice the eight-headed hydra!! The eight-headed hydra bites you!
* * * LOW HITPOINT WARNING * * *
The eight-headed hydra bites you but does no damage. x2
You block the eight-headed hydra's attack.
The eight-headed hydra bites you.
* * * LOW HITPOINT WARNING * * *
The eight-headed hydra bites you but does no damage.
The eight-headed hydra bites you.
* * * LOW HITPOINT WARNING * * *
The eight-headed hydra bites you!
* * * LOW HITPOINT WARNING * * *
Your chaos spawn closely misses the nine-headed hydra.
Your rust devil hits the nine-headed hydra!
The nine-headed hydra seems to be corroded for longer.
The nine-headed hydra bites you.
You die...

Skill      XL: |  1  2  3  4  5  6  7  8  9 10 11 12 13 |
---------------+----------------------------------------+-----
Axes           | 2 3 4 6 7 9 11 12 14 | 14.5
Fighting       | 2 6 9 10 | 10.0
Dodging        | 6 |  6.0
Armour         | 9 10 | 10.0
Maces & Flails | 9 |  9.8
Shields        | 5 6 |  6.7
Stealth        | |  1.0
Spellcasting   | |  1.6
Ice Magic      | |  3.4
Invocations    | |  1.2

Action                     |  1- 3 |  4- 6 |  7- 9 | 10-12 | 13-15 || total
---------------------------+-------+-------+-------+-------+-------++-------
  Melee: Hand axe          |    68 |    70 |   271 |   471 |       ||   880
         Club              |     6 |       |       |       |       ||     6
         Punch             |     1 |       |     2 |    11 |       ||    14
         Demon whip        |       |       |       |   114 |    18 ||   132
         Broad axe         |       |       |       |       |    29 ||    29
  Evoke: Wand              |       |       |       |     4 |       ||     4
    Use: Potion            |       |     2 |     2 |     6 |     1 ||    11
         Scroll            |       |       |     4 |     9 |       ||    13
 Armour: Chain mail        |    67 |    48 |    85 |       |       ||   200
         Skin              |       |    11 |   101 |    32 |       ||   144
         Plate armour      |       |       |   101 |   393 |    72 ||   566
  Dodge: Dodged            |    40 |    13 |    56 |   143 |    13 ||   265
  Block: Kite shield       |       |       |       |    23 |    18 ||    41

Levels and vault maps discovered:
D:1:      enne_arrival_octagon_isle, layout_loops_cross, serial_rivers,
          chequers_serial_rivers_room_b, chequers_serial_rivers_large_a,
          chequers_serial_rivers_micro_a, chequers_serial_rivers_room_a,
          ebering_ecumenical_altar_ruins
D:2:      layout_basic, chequers_serial_rivers_micro_a
D:3:      layout_basic, nicolae_tso_besieged_by_evil, ebering_ghost_rock_garden
D:4:      layout_cave_pods, lemuel_doored_altar, hangedman_feature_mirror
D:5:      layout_basic, nicolae_hepliaklqana_hazy_memory, nrook_mini_backslash,
          interstate_on_off
D:6:      layout_loops_cross, mainiacjoe_overflow_six_doors_small,
          minmay_temple_entry_drinking_statues
D:7:      layout_loops_ring, slow_altar_2, minmay_overflow_temple_star_quad,
          minivault_4, kb_lookout_dungeons_type, hellmonk_guarded_unrand_night
D:8:      lemuel_ratsnest, layout_loops_corners,
          mainiacjoe_overflow_small_starburst, trog_three_pillars_becter,
          minitemple, grunt_lair_entry_orc_guard_hut, serial_shops, shop,
          uniq_erica
D:9:      layout_cave_pools, serial_shops, shop
D:10:     layout_loops_ring, kennysheep_orc_monster_closet_entryway,
          gammafunk_ghost_cemetery
D:11:     layout_irregular_city, zin_purify
Lair:1:   layout_roguey, serial_bayou_shore_b
Lair:2:   layout_regular_city, roderic_carrion_pond, grunt_megastairs_3,
          infiniplex_staircase_pool_2, uniq_sonja, uniq_amaemon
Lair:3:   layout_roguey, nicolae_swamp_entry_splash_gauntlet,
          minmay_snake_entry_guardpost_small, serial_rivers,
          chequers_serial_rivers_large_b, chequers_serial_rivers_small_a,
          chequers_serial_rivers_marsh, chequers_serial_rivers_micro_c,
          chequers_serial_rivers_micro_c
Lair:4:   layout_roguey, slime_entry_1, dreamdust_deal_with_the_devil,
          grunt_megastairs_4

Notes
Turn   | Place    | Note
-------+----------+-------------------------------------------
     0 | D:1      | MackTheKnife the Meteoran Wanderer began the quest for the
                  | Orb.
     0 | D:1      | MackTheKnife set off with the following items: a +0 club
                  | {mace}, 2 potions of lignification {!q}, a +0 chain mail;
                  | and the following spell memorised: Freeze; and the
                  | following spells available to memorise: Hailstorm.
     0 | D:1      | Reached XP level 1. HP: 14/14 MP: 3/3
     0 | D:1      | magus.rc [v1.9.6]
    22 | D:1      | Found a faded altar of an unknown god.
    48 | D:1      | Prayed at the altar of an unknown god.
    48 | D:1      | Became a worshipper of Dithmenos the Shadowed
    48 | D:1      | Reached * piety under Dithmenos
   395 | D:2      | You pick up a book of Misfortune and begin reading...
   395 | D:2      | You add the spells Inner Flame, Yara's Violent Unravelling
                  | and Enfeeble to your library.
   432 | D:2      | Reached skill level 2 in Axes
   432 | D:2      | Reached XP level 2. HP: 8/20 MP: 5/5
   450 | D:2      | Reached XP level 3. HP: 21/26 MP: 6/6
   536 | D:2      | You pick up a book of Cantrips and begin reading...
   536 | D:2      | You add the spells Necrotise, Summon Small Mammal and
                  | Apportation to your library.
   582 | D:3      | Reached skill level 3 in Axes
   716 | D:4      | Reached XP level 4. HP: 19/33 MP: 7/7
   718 | D:4      | Reached skill level 4 in Axes
   724 | D:4      | Identified the +6 short sword "Kaojuaso" {vamp, rElec rF+}
   729 | D:4      | Reached ** piety under Dithmenos
   764 | D:4      | Found a glowing silver altar of Zin.
   837 | D:4      | Reached XP level 5. HP: 38/38 MP: 8/8
  1013 | D:4      | Reached skill level 5 in Axes
  1065 | D:5      | Entered Level 5 of the Dungeon
  1178 | D:5      | Noticed an ogre
  1189 | D:5      | Killed an ogre
  1190 | D:5      | Reached skill level 6 in Axes
  1190 | D:5      | Reached XP level 6. HP: 45/45 MP: 9/9
  1224 | D:5      | Found a hazy altar of Hepliaklqana.
  1238 | D:5      | Reached skill level 7 in Axes
  1272 | D:5      | Noticed a black bear
  1280 | D:5      | Reached XP level 7. HP: 33/50 MP: 10/10
  1296 | D:5      | Reached skill level 8 in Axes
  1540 | D:6      | Found a staircase to the Ecumenical Temple.
  1564 | D:6      | Reached skill level 9 in Axes
  1564 | D:6      | Reached XP level 8. HP: 51/57 MP: 11/11
  1643 | D:6      | Reached skill level 10 in Axes
  1645 | D:6      | Reached *** piety under Dithmenos
  1745 | D:6      | Reached skill level 1 in Fighting
  1746 | D:6      | Reached skill level 11 in Axes
  1788 | D:6      | Found a sparkling altar of Nemelex Xobeh.
  1798 | D:6      | Reached skill level 2 in Fighting
  2010 | D:7      | Gained mutation: You passively map the area around you.
                  | [Meteoran growth]
  2010 | D:7      | Reached XP level 9. HP: 67/67 MP: 12/12
  2149 | D:7      | Reached skill level 3 in Fighting
  2245 | D:7      | Reached skill level 4 in Fighting
  2277 | D:7      | Noticed a two-headed ogre
  2287 | D:7      | Killed a two-headed ogre
  2288 | D:7      | Reached skill level 5 in Fighting
  2288 | D:7      | Reached skill level 12 in Axes
  2349 | D:7      | Found a radiant altar of Vehumet.
  2351 | D:7      | Found a white marble altar of Elyvilon.
  2354 | D:7      | Found a stormy altar of Qazlal.
  2477 | D:8      | Found Sayn's Magic Scroll Shoppe.
  2483 | D:8      | Bought a scroll of identify for 28 gold pieces
  2501 | D:8      | Reached skill level 6 in Fighting
  2522 | D:8      | Found a shimmering blue altar of Sif Muna.
  2556 | D:8      | Reached XP level 10. HP: 73/83 MP: 13/13
  2603 | D:8      | Found a burning altar of Makhleb.
  2640 | D:8      | You fall into a shaft and drop 3 floors!
  2653 | D:11     | Noticed a cyclops
  2663 | D:10     | Entered Level 10 of the Dungeon
  2683 | D:9      | Reached skill level 13 in Axes
  2686 | D:9      | Found Kyoxekko's Magic Scroll Emporium.
  2705 | D:9      | Reached skill level 7 in Fighting
  2725 | D:9      | Reached skill level 8 in Fighting
  2798 | D:9      | Reached **** piety under Dithmenos
  2848 | D:9      | Bought a scroll of enchant weapon for 105 gold pieces
  2848 | D:9      | Bought a scroll of identify for 28 gold pieces
  2848 | D:9      | Bought a scroll of identify for 28 gold pieces
  3041 | D:8      | Reached skill level 14 in Axes
  3138 | D:8      | Reached skill level 9 in Fighting
  3206 | D:8      | Noticed Erica
  3225 | D:8      | Found a staircase to the Lair.
  3361 | Lair:1   | Entered Level 1 of the Lair of Beasts
  3494 | Lair:1   | Reached XP level 11. HP: 64/99 MP: 14/14
  3498 | Lair:1   | Reached skill level 10 in Fighting
  3502 | Lair:1   | Reached skill level 1 in Dodging
  3528 | Lair:1   | Noticed a black mamba
  3541 | Lair:1   | Killed a black mamba
  3542 | Lair:1   | Reached skill level 5 in Armour
  3542 | Lair:1   | Reached skill level 2 in Dodging
  3549 | Lair:1   | Reached skill level 3 in Dodging
  3566 | Lair:1   | Reached skill level 6 in Armour
  3568 | Lair:1   | Gained mutation: You have supernaturally acute eyesight.
                  | (SInv) [potion of mutation]
  3568 | Lair:1   | HP: 24/99 [water moccasin (2)]
  3574 | Lair:1   | Reached skill level 4 in Dodging
  3575 | Lair:1   | HP: 16/99 [yak (4)]
  3601 | Lair:1   | Reached skill level 5 in Dodging
  3669 | Lair:1   | Reached skill level 7 in Armour
  3738 | Lair:2   | Noticed a six-headed hydra
  3789 | Lair:2   | Reached skill level 6 in Dodging
  3833 | Lair:2   | Reached skill level 8 in Armour
  3953 | Lair:3   | Reached skill level 9 in Armour
  3959 | Lair:3   | Reached XP level 12. HP: 52/106 MP: 15/15
  4065 | Lair:2   | Noticed Amaemon
  4089 | Lair:2   | Killed Amaemon
  4090 | Lair:2   | Reached skill level 10 in Armour
  4090 | Lair:2   | Reached skill level 2 in Maces & Flails
  4098 | Lair:2   | Reached skill level 3 in Maces & Flails
  4124 | Lair:2   | Reached skill level 4 in Maces & Flails
  4148 | Lair:2   | HP: 26/106 [black mamba (5)]
  4151 | Lair:2   | Reached skill level 5 in Maces & Flails
  4153 | Lair:2   | HP: 17/106 [poisoned by a black mamba]
  4156 | Lair:2   | HP: 8/106 [poisoned by a black mamba]
  4164 | Lair:2   | Noticed Sonja
  4165 | Lair:2   | HP: 23/106 [asphyx]
  4191 | Lair:2   | Reached skill level 6 in Maces & Flails
  4286 | Lair:2   | Reached skill level 7 in Maces & Flails
  4340 | Lair:3   | Reached skill level 1 in Shields
  4389 | Lair:3   | Reached ***** piety under Dithmenos
  4403 | Lair:3   | Reached skill level 2 in Shields
  4430 | Lair:3   | Reached skill level 8 in Maces & Flails
  4430 | Lair:3   | Noticed a bog body
  4460 | Lair:3   | Reached skill level 3 in Shields
  4477 | Lair:3   | Reached skill level 4 in Shields
  4488 | Lair:3   | Reached skill level 9 in Maces & Flails
  4500 | Lair:3   | Killed a bog body
  4501 | Lair:3   | Reached skill level 5 in Shields
  4501 | Lair:3   | Reached XP level 13. HP: 113/113 MP: 16/16
  4560 | Lair:4   | Found a viscous altar of Jiyva.
  4561 | Lair:4   | Found a staircase to the Slime Pits.
  4620 | Lair:4   | Found the +16 obsidian axe {drain, demonic, Mesm Drain Fly
                  | SInv}
  4776 | Lair:4   | Noticed a catoblepas
  4783 | Lair:4   | Killed a catoblepas
  4784 | Lair:4   | Reached skill level 6 in Shields
  4849 | Lair:4   | Noticed a seven-headed hydra
  4851 | Lair:4   | Noticed a seven-headed hydra
  4860 | Lair:4   | HP: 23/113 [eight-headed hydra (9)]
  4860 | Lair:4   | HP: 6/113 [eight-headed hydra (11)]
  4860 | Lair:4   | Slain by a nine-headed hydra

Vanquished Creatures
  A two-headed ogre (D:7)
  Amaemon (Lair:2)
  A bog body (Lair:3)
  6 elephants (Lair:3)
  2 black mambas
  An orange demon (Lair:2)
  6 cane toads
  A rime drake (Lair:3)
  6 komodo dragons
  A polar bear (Lair:4)
  5 dream sheep (Lair:3)
  3 blink frogs (Lair:1)
  23 yaks
  4 wyverns
  An acid dragon (D:8)
  5 water moccasins
  2 orc warriors (D:8)
  An ice beast (D:6)
  3 black bears
  A sky beast (D:6)
  9 wolves
  An ogre (D:5)
  A kobold brigand (D:7)
  4 scorpions
  7 bullfrogs
  5 necrophages (Lair:2)
  5 wights (D:7)
  10 killer bees
  A howler monkey (D:7)
  A jelly (D:4)
  3 orc priests
  3 hounds (D:6)
  A gnoll bouda (D:7)
  A sleepcap (D:5)
  An iguana (D:5)
  6 orc wizards
  4 adders
  8 gnolls
  A shadow imp (D:7)
  A white imp (D:7)
  An ufetubus (D:3)
  25 orcs
  2 bats (D:2)
  2 endoplasms (D:4)
  2 giant cockroaches
  A goblin (D:2)
  9 hobgoblins
  2 quokkas (D:5)
  6 ball pythons
  A frilled lizard (D:1)
  4 kobolds
  2 rats
204 creatures vanquished.

Vanquished Creatures (collateral kills)
  A catoblepas (Lair:4)
  A black mamba (Lair:4)
  A komodo dragon (Lair:4)
3 creatures vanquished.

Grand Total: 207 creatures vanquished

Table legend:
 A = Non-vault XP
 B = Vault XP
 C = Vault XP percentage of total XP
 D = Non-vault monster count
 E = Vault monster count
 F = Vault count percentage of total count
                 A         B        C        D         E       F
            +---------+---------+-------+---------+---------+-------
      Total |   23753 |    3905 |  14.1 |     188 |      19 |   9.2
            +---------+---------+-------+---------+---------+-------
        D:1 |       5 |       0 |   0.0 |       4 |       0 |   0.0
        D:2 |      30 |       0 |   0.0 |      10 |       0 |   0.0
        D:3 |      22 |       0 |   0.0 |       6 |       0 |   0.0
        D:4 |     163 |       6 |   3.6 |      14 |       3 |  17.6
        D:5 |     500 |       0 |   0.0 |      14 |       0 |   0.0
        D:6 |     892 |       0 |   0.0 |      19 |       0 |   0.0
        D:7 |    1523 |       0 |   0.0 |      22 |       0 |   0.0
        D:8 |     645 |     572 |  47.0 |       7 |       5 |  41.7
        D:9 |    1614 |       0 |   0.0 |      23 |       0 |   0.0
     Lair:1 |    4806 |       0 |   0.0 |      22 |       0 |   0.0
     Lair:2 |    2093 |    2630 |  55.7 |      11 |      10 |  47.6
     Lair:3 |    7305 |     697 |   8.7 |      22 |       1 |   4.3
     Lair:4 |    4155 |       0 |   0.0 |      14 |       0 |   0.0
            +---------+---------+-------+---------+---------+-------

Skill      XL: |  1  2  3  4  5  6  7  8  9 10 11 12 13 |
---------------+----------------------------------------+-----
Axes           | 2 3 4 6 7 9 11 12 14 | 14.5
Fighting       | 2 6 9 10 | 10.0
Dodging        | 6 |  6.0
Armour         | 9 10 | 10.0
Maces & Flails | 9 |  9.8
Shields        | 5 6 |  6.7
Stealth        | |  1.0
Spellcasting   | |  1.6
Ice Magic      | |  3.4
Invocations    | |  1.2

Action                     |  1- 3 |  4- 6 |  7- 9 | 10-12 | 13-15 || total
---------------------------+-------+-------+-------+-------+-------++-------
  Melee: Hand axe          |    68 |    70 |   271 |   471 |       ||   880
         Club              |     6 |       |       |       |       ||     6
         Punch             |     1 |       |     2 |    11 |       ||    14
         Demon whip        |       |       |       |   114 |    18 ||   132
         Broad axe         |       |       |       |       |    29 ||    29
  Evoke: Wand              |       |       |       |     4 |       ||     4
    Use: Potion            |       |     2 |     2 |     6 |     1 ||    11
         Scroll            |       |       |     4 |     9 |       ||    13
 Armour: Chain mail        |    67 |    48 |    85 |       |       ||   200
         Skin              |       |    11 |   101 |    32 |       ||   144
         Plate armour      |       |       |   101 |   393 |    72 ||   566
  Dodge: Dodged            |    40 |    13 |    56 |   143 |    13 ||   265
  Block: Kite shield       |       |       |       |    23 |    18 ||    41

Illustrated notes

Table legend:
 A = Kills in this place as a percentage of kills in the entire game.
 B = Kills by you in this place as a percentage of kills by you in the entire game.
 C = Kills by friends in this place as a percentage of kills by friends in the entire game.
 D = Other kills in this place as a percentage of other kills in the entire game.
 E = Experience gained in this place as a percentage of experience gained in the entire game.
 F = Experience gained in this place divided by the number of levels of this place that you have seen.
                   A       B       C       D       E      F
               +-------+-------+-------+-------+-------+----------------------
         Total | 100.0 | 100.0 | 100.0 |   N/A | 100.0 | 1843.9
       Dungeon |  61.4 |  62.3 |   0.0 |   N/A |  21.6 | 542.9
          Lair |  38.6 |  37.7 | 100.0 |   N/A |  78.4 | 5421.5
               +-------+-------+-------+-------+-------+----------------------

Table legend: (Time is in decaauts)
 A = Elapsed time spent in this place.
 B = Non-inter-level travel time spent in this place.
 C = Inter-level travel time spent in this place.
 D = Time resting spent in this place.
 E = Time spent auto-exploring this place.
 F = Levels seen in this place.
 G = Mean time per level.
                   A        B        C        D        E       F      G
               +--------+--------+--------+--------+--------+-----+--------+
         Total |   4617 |   4333 |    284 |    185 |   1374 |  15 |  307.8 |
       Dungeon |   3261 |   3061 |    200 |    115 |   1122 |  11 |  296.5 |
          Lair |   1356 |   1272 |     84 |     70 |    252 |   4 |  339.0 |
               +--------+--------+--------+--------+--------+-----+--------+

Top non-repeatable levels by time:
     D:8: 498 daAuts
     D:7: 451 daAuts
     D:5: 436 daAuts
     D:6: 415 daAuts
  Lair:2: 406 daAuts
     D:4: 379 daAuts
     D:1: 378 daAuts
  Lair:1: 362 daAuts
     D:9: 326 daAuts
  Lair:4: 317 daAuts
  Lair:3: 271 daAuts
     D:2: 200 daAuts
     D:3: 144 daAuts
    D:11: 22 daAuts
    D:10: 6 daAuts
